 Dungeon Crawl Stone Soup version 0.30.2 (webtiles) character file.

Game seed: 4644408916142850592

63 porpoise the Digger (level 4, -1/24 HPs)
             Began as a Gargoyle Earth Elementalist on Feb 14, 2024.
             Was an Initiate of Gozag.
             Killed from afar by Natasha (5 damage)
             ... with a magic dart
             ... on level 2 of the Dungeon.
             The game lasted 00:04:52 (1378 turns).

porpoise the Digger (Gargoyle Earth Elementalist)   Turns: 1378, Time: 00:04:52

Health: -1/24      AC:  6    Str: 11    XL:     4   Next: 10%
Magic:  1/8        EV: 11    Int: 18    God:    Gozag
Gold:   68         SH:  0    Dex: 10    Spells: 5/9 levels left

rFire   . . .        a - staff of earth
rCold   . . .        (no shield)
rNeg    + . .        c - +0 robe
rPois   ∞            (no helmet)
rElec   +            (no cloak)
rCorr   .            k - +0 pair of gloves
SInv    .            (no boots)
Will    .....        (no amulet)
Stlth   ++           (no ring)
HPRegen 0.24/turn    (no ring)
MPRegen 0.11/turn

%: no passive effects
@: slowed, very slow
A: sickness immunity, AC +3, negative energy resistance 1, electricity
resistance, torment resistance 1, petrification resistance
a: Renounce Religion, Potion Petition, Call Merchant, Bribe Branch


You were on level 2 of the Dungeon.
You worshipped Gozag.
Gozag was noncommittal.
You visited 1 branch of the dungeon, and saw 2 of its levels.

You collected 68 gold pieces.

Inventory:

Hand Weapons
 b - a +0 sling
 w - a +0 dagger of venom
Missiles
 f - 6 javelins
 l - 2 boomerangs
Armour
 c - a +0 robe (worn)
 k - a +0 pair of gloves (worn)
Magical Staves
 a - a staff of earth (weapon)
Scrolls
 g - a scroll of identify {unknown}
 i - a scroll of enchant armour {unknown}
Potions
 d - 2 potions of invisibility {unknown}
 e - a potion of resistance {unknown}
 h - 2 potions of magic
 j - a potion of flight {unknown}
 m - a potion of curing {unknown}


   Skills:
 - Level 1.5 Dodging
 - Level 2.1 Stealth
 - Level 3.0 Spellcasting
 + Level 1.5 Conjurations
 - Level 0.7 Transmutations
 + Level 4.6 Earth Magic


You had 5 spell levels left.
You knew the following spells:

 Your Spells              Type           Power      Damage    Failure   Level
a - Sandblast             Erth           56%        2d13      2%          1
b - Stone Arrow           Conj/Erth      40%        3d9       14%         3

Your spell library contained the following spells:

 Spells                   Type           Power      Damage    Failure   Level
 Passwall                 Tmut/Erth      15%        N/A       9%          2
 Petrify                  Tmut/Erth      18%        N/A       50%         4


Dungeon Overview and Level Annotations

Branches:
Dungeon (2/15)

Altars:
Gozag

Annotations:
D:2 exclusion: upstairs, Natasha


Innate Abilities, Weirdness & Mutations

You are immune to sickness and miasma.
Your stone body is resilient. (AC +3)
You are immune to poison.
You resist negative energy. (rN+)
You are resistant to electric shocks. (rElec)
You are resistant to unholy torment.
You are immune to petrification.


Message History

Natasha barely misses you. x2
Unknown command.
You closely miss Natasha. Your punch misses Natasha.
Natasha is severely wounded.
Natasha closely misses you. Natasha claws you but does no damage.
You completely miss Natasha.
Natasha is severely wounded.
Natasha claws you.
Casting: Sandblast (safe; 2% risk of failure)
Confirm with . or Enter, or press ? or * to list all spells.
Aiming: Sandblast (safe; 2% risk of failure)
Press: ? - help, Shift-Dir - straight line, f/p - Natasha
Aim: Natasha (severely wounded, 79% to hit)
You feel a surge of power!
The blast of sand hits Natasha.
Natasha is almost dead.
Natasha casts a spell at you.
The magic dart hits you but does no damage.
Natasha stares at you and mumbles some strange words.
The magic dart hits you.
Natasha mumbles some strange words.
You hit Natasha but do no damage.
Natasha is almost dead.
The cerulean imp closely misses you. Natasha completely misses you.
You closely miss Natasha.
Natasha is almost dead.
Natasha claws you but does no damage.
The cerulean imp hits you but does no damage.
Natasha casts a spell at you. The magic dart hits you.
The cerulean imp hits you with a +2 spear.
You closely miss Natasha.
Natasha is almost dead.
Natasha claws you.
* * * LOW HITPOINT WARNING * * *
The cerulean imp hits you with a +2 spear.
* * * LOW HITPOINT WARNING * * *
Natasha casts a spell at you. The magic dart hits you.
You die...
Your body crumbles into a pile of gold.

#.# #.# ##.# #
#..# ##. #.##
#... ###.# #.
##$..## #
#####$..5.## #.
.......$@..>#
#...
#####$..h.......
##.#
#.......#...
....
...........##
##..
#.#...........
###
...#.###.......
.. #. #.####. #.
.#


You could see Natasha and a cerulean imp (summoned).

Vanquished Creatures
  Natasha (D:2)
  7 ball pythons
  3 bats
  4 endoplasms
  A giant cockroach (D:2)
  6 goblins
  A hobgoblin (D:1)
  2 quokkas
  A frilled lizard (D:2)
  3 kobolds
  2 rats
31 creatures vanquished.

Notes
Turn   | Place    | Note
-------+----------+-------------------------------------------
     0 | D:1      | porpoise the Gargoyle Earth Elementalist began the quest
                  | for the Orb.
     0 | D:1      | Reached XP level 1. HP: 10/10 MP: 3/3
   160 | D:1      | Reached XP level 2. HP: 15/15 MP: 3/5
   370 | D:1      | Reached skill level 4 in Earth Magic
  1043 | D:2      | Reached XP level 3. HP: 19/19 MP: 5/7
  1047 | D:2      | Learned a level 3 spell: Stone Arrow
  1256 | D:1      | Prayed at the altar of an unknown god.
  1256 | D:1      | Became a worshipper of Gozag Ym Sagoz the Greedy
  1347 | D:2      | Noticed Natasha
  1351 | D:2      | Killed Natasha
  1352 | D:2      | Reached skill level 1 in Conjurations
  1352 | D:2      | Reached XP level 4. HP: 22/24 MP: 6/8
  1365 | D:2      | Noticed Natasha
  1378 | D:2      | Killed from afar by Natasha

Illustrated notes

Levels and vault maps discovered:
D:1:      spicycebolla_arrival_ecumenical, layout_loops_ring
D:2:      layout_loops_ring, hangedman_feature_mirror, uniq_natasha

Skill      XL: |  1  2  3 |
---------------+----------+-----
Earth Magic    | 4 |  4.6
Spellcasting   | 3 |  3.0
Conjurations   | 1 |  1.5
Dodging        | |  1.5
Stealth        | |  2.1
Transmutations | |  0.7

Action                     |  1- 3 |  4- 6 || total
---------------------------+-------+-------++-------
  Melee: Unarmed           |     1 |       ||     1
         Staff             |    11 |     5 ||    16
         Dagger            |     6 |       ||     6
   Fire: Sling             |     7 |       ||     7
   Cast: Sandblast         |    29 |    10 ||    39
   Stab: Sleeping          |     1 |       ||     1
 Armour: Robe              |     8 |     5 ||    13
  Dodge: Dodged            |    19 |    12 ||    31
